 Dungeon Crawl Stone Soup version 0.32-a0-411-g744942f433 (webtiles) character file.

Game seed: 9106109274285267103

13713 juan097 the Carver (level 11, -9/92 HPs)
             Began as a Purple Draconian Brigand on Feb 20, 2024.
             Was a High Priest of Okawaru.
             Mangled by a death yak (22 damage)
             ... on level 10 of the Dungeon.
             The game lasted 00:39:15 (12870 turns).

juan097 the Carver (Purple Draconian Brigand)      Turns: 12870, Time: 00:39:15

Health: -9/92      AC: 11    Str: 13    XL:     11   Next: 79%
Magic:  11/16      EV: 18    Int: 13    God:    Okawaru [*****.]
Gold:   514        SH:  8    Dex: 16    Spells: 10/10 levels left

rFire   . . .        a - +6 scimitar "Analod" {venom, rN+}
rCold   + . .        A - +2 buckler
rNeg    + . .        (body armour unavailable)
rPois   .            (helmet restricted)
rElec   .            n - +0 cloak
rCorr   +            (no gloves)
SInv    .            y - +2 pair of boots
Will    +....        L - amulet of the acrobat
Stlth   +++++        M - ring of protection from cold
HPRegen 0.35/turn    d - ring of resist corrosion
MPRegen 0.15/turn

%: acrobat
@: short of breath, heroic, finesse-ful
A: breathe power, AC +7, unfitting armour, cold-blooded
a: Breathe Dispelling Energy, Renounce Religion, Heroism, Finesse, Duel


You were on level 10 of the Dungeon.
You worshipped Okawaru.
Okawaru was extremely pleased with you.
You visited 3 branches of the dungeon, and saw 12 of its levels.
You also visited: Bailey.

You collected 514 gold pieces.

Inventory:

Hand Weapons
 a - the +6 scimitar "Analod" (weapon) {venom, rN+}
   (You took it off a spriggan in a bailey)

   rN+:       It protects you from negative energy.
 b - a +3 dagger
 l - the +6 quarterstaff of the Manifold Violins {drain, rElec Str+5}
   (You took it off a spriggan in a bailey)

   Str+5:     It affects your strength (+5).
   rElec:     It insulates you from electricity.
 w - a +1 scimitar of flaming
Missiles
 c - 17 poisoned darts
 x - 10 boomerangs (quivered)
 z - 2 javelins
 D - 2 curare-tipped darts
 O - 3 datura-tipped darts
Armour
 n - a +0 cloak (worn)
 y - a +2 pair of boots (worn)
 A - a +2 buckler (worn)
Jewellery
 d - a ring of resist corrosion (right hand)
 v - a ring of wizardry
 L - an amulet of the acrobat (around neck)
 M - a ring of protection from cold (left hand)
Wands
 E - a wand of mindburst (4)
 N - a wand of flame (7)
Scrolls
 e - 2 scrolls of immolation
 g - a scroll of silence
 i - a scroll of fear {unknown}
 k - a scroll of enchant weapon {unknown}
 q - a scroll of fog
 u - a scroll of revelation {unknown}
 C - a scroll of enchant armour {unknown}
 I - 2 scrolls of acquirement {unknown}
 J - 3 scrolls of blinking {unknown}
 K - 4 scrolls of teleportation
Potions
 f - 3 potions of attraction {unknown}
 h - 2 potions of lignification
 j - 2 potions of might {unknown}
 m - a potion of berserk rage {unknown}
 o - 5 potions of curing {unknown}
 p - a potion of magic {unknown}
 r - a potion of degeneration {unknown}
 s - 3 potions of enlightenment {unknown}
 t - 3 potions of cancellation {unknown}
 B - 2 potions of haste {unknown}
 F - a potion of brilliance {unknown}
 G - a potion of invisibility {unknown}
 H - a potion of heal wounds {unknown}


   Skills:
 + Level 7.3(12.3) Fighting
 - Level 8.4(15.2) Short Blades
 + Level 9.2(15.6) Long Blades
 + Level 5.2(10.2) Throwing
 + Level 6.9(11.9) Dodging
 + Level 5.4(10.4) Stealth
 - Level 4.0(9.0) Shields
 + Level 7.2 Invocations
 - Level 4.0 Evocations


You had 10 spell levels left.
You didn't know any spells.
Your spell library contained the following spells:

 Spells                   Type           Power      Damage    Failure   Level
 Foxfire                  Conj/Fire      0%         2x1d4     36%         1
 Freeze                   Ice            0%         1d3       36%         1
 Sting                    Conj/Alch      0%         1d3       36%         1
 Mercury Vapours          Alch/Air       0%         N/A       52%         2
 Scorch                   Fire           0%         2d5       52%         2
 Frozen Ramparts          Ice            0%         1d1       75%         3
 Hailstorm                Conj/Ice       0%         3d5       75%         3
 Leda's Liquefaction      Alch/Erth      0%         N/A       98%         4
 Olgreb's Toxic Radiance  Alch           0%         N/A       98%         4
 Sticky Flame             Fire/Alch      0%         2d4       98%         4
 Borgnjor's Vile Clutch   Necr/Erth      0%         N/A       100%        5
 Lee's Rapid Deconstruct  Erth           0%         3d4*      100%        5
 Animate Armour           Summ/Erth      Unusable   N/A       N/A         4
 Animate Dead             Necr           Unusable   N/A       N/A         4
 Summon Lightning Spire   Summ/Air       Unusable   N/A       N/A         4
 Death Channel            Necr           Unusable   N/A       N/A         6

Dungeon Overview and Level Annotations

Branches:
Dungeon (10/15)            Temple (1/1) D:6            Lair (1/5) D:10
 Bailey (visited)
    Orc: D:9-12

Altars:
Ashenzari
Cheibriados
Dithmenos
Elyvilon
Fedhas
Gozag
Hepliaklqana
Kikubaaqudgha
Makhleb
Nemelex Xobeh
Okawaru
Qazlal
Ru
Sif Muna
Trog
Uskayaw
Vehumet
Wu Jian
Xom
Yredelemnul
Zin
The Shining One

Annotations:
D:4 Grinder
D:9 1 runed translucent door, hattop's ghost, novice DsSh
Lair:1 1 transporter


Innate Abilities, Weirdness & Mutations

You can breathe bolts of dispelling energy.
Your rich purple scales are hard. (AC +7)
You cannot fit into any form of body armour.
You are cold-blooded and may be slowed by cold attacks.


Message History

You hit the death yak.
The death yak looks as sick as possible!
The death yak is lightly wounded.
You barely miss the death yak.
The death yak is lightly wounded.
You slash the death yak!
The death yak looks as sick as possible!
The death yak is moderately wounded.
You hit the death yak but do no damage.
The death yak is heavily wounded.
You block the death yak's attack.
You hit the death yak.
The death yak looks as sick as possible!
The death yak is heavily wounded.
You slash the death yak!
The death yak looks as sick as possible!
Your tail-slap misses the death yak.
The death yak is heavily wounded.
You hit the death yak.
The death yak looks as sick as possible!
The death yak is severely wounded.
The death yak completely misses you.
You hit the death yak.
The death yak looks as sick as possible!
The death yak is severely wounded.
You hit the death yak.
The death yak looks as sick as possible!
You tail-slap the death yak, but do no damage.
The death yak is severely wounded.
The death yak gores you!!
* * * LOW HITPOINT WARNING * * *
Okay, then.
Aiming: Breathe Dispelling Energy (3% risk of failure)
Press: ? - help, Shift-Dir - straight line, f - death yak
Aim: a death yak (severely wounded, extremely poisoned, 84% to hit)
You breathe a bolt of dispelling energy.
The bolt of dispelling energy hits the death yak.
The death yak is almost dead.
The death yak gores you!!
You die...

################# #############
...##...........#####.†........#.
...#............##.~~#.........#.
...............#...............'.
....#.........#................##
....#........#........[........#
....#............####..........#
...##......#...............##'##
#####...........@Y†...#.......#
###'##......###..###.....##
#.##...#.###...##..~..~#
#...#.....#.....#..#...## ##
###.........÷>[.........# # .#
##'#.....#÷....#.......# # .#
#..#....###...##.....#.### .#
###..........#.###.....#.##. .#
##.'...#...#.#.....#......##.


You could see a death yak (extremely poisoned).

Vanquished Creatures
  Erica (D:8)
  A catoblepas (Lair:1)
  A two-headed ogre (Bailey)
  A death yak (D:10)
  Nergalle (D:10)
  2 cane toads
  A rime drake (D:10)
  Maggie (D:10)
  A troll (D:10)
  A polar bear (D:10)
  Prince Ribbit (D:5)
  3 dream sheep (Lair:1)
  6 spriggans (Bailey)
  5 yaks (D:10)
  A basilisk (Lair:1)
  5 wyverns
  Grum (D:10)
  4 steam dragons
  2 water moccasins
  3 orc warriors
  7 ice beasts
  A black bear (D:5)
  6 wolves (D:10)
  2 ogres (Bailey)
  2 centaurs (D:9)
  3 kobold brigands
  3 bullfrogs
  3 scorpions
  18 wights
  11 killer bees
  3 howler monkeys
  2 electric eels
  7 hounds
  2 quasits
  A bombardier beetle (D:5)
  2 gnoll boudas
  3 orc priests
  A jelly (D:7)
  An iguana (D:4)
  Jessica (D:2)
  2 sleepcaps
  5 orc wizards
  3 adders
  15 gnolls
  5 shadow imps
  A white imp (D:7)
  6 ufetubi
  A ribbon worm (D:5)
  A dart slug (D:3)
  22 orcs
  4 bats
  6 endoplasms
  2 giant cockroaches
  12 goblins
  11 hobgoblins
  2 jackals (D:2)
  3 quokkas
  7 ball pythons
  6 frilled lizards
  18 kobolds
  4 rats (D:1)
257 creatures vanquished.

Notes
Turn   | Place    | Note
-------+----------+-------------------------------------------
     0 | D:1      | juan097 the Draconian Brigand began the quest for the Orb.
     0 | D:1      | Reached XP level 1. HP: 17/17 MP: 1/1
    97 | D:1      | Reached XP level 2. HP: 21/24 MP: 2/2
   409 | D:1      | Reached XP level 3. HP: 21/29 MP: 3/3
  1212 | D:2      | Reached XP level 4. HP: 36/36 MP: 4/4
  1304 | D:2      | Noticed Jessica
  1310 | D:2      | Killed Jessica
  1313 | D:2      | Got Sixa's Vellum of Red Stones
  1715 | D:3      | Found a bloodstained altar of Trog.
  1771 | D:3      | Found a basalt altar of Yredelemnul.
  2244 | D:3      | Reached XP level 5. HP: 41/41 MP: 5/5
  2658 | D:4      | Reached skill level 5 in Short Blades
  2855 | D:4      | Reached XP level 6. HP: 48/48 MP: 6/6
  2936 | D:4      | Noticed Grinder
  2984 | D:5      | Entered Level 5 of the Dungeon
  3155 | D:5      | Reached skill level 1 in Dodging
  3280 | D:5      | Found a glowing golden altar of the Shining One.
  3476 | D:5      | Your scales start taking on a rich purple colour.
  3476 | D:5      | Reached XP level 7. HP: 56/56 MP: 7/7
  3543 | D:5      | Noticed Prince Ribbit
  3562 | D:5      | Killed Prince Ribbit
  4708 | D:6      | Reached XP level 8. HP: 66/66 MP: 8/8
  4795 | D:6      | Found a staircase to the Ecumenical Temple.
  4801 | Temple   | Entered the Ecumenical Temple
  4821 | Temple   | Became a worshipper of Warmaster Okawaru
  5188 | D:6      | Found a glowing silver altar of Zin.
  5189 | D:6      | Found an ornate altar of the Wu Jian Council.
  5196 | D:6      | Found a broken altar of Ashenzari.
  6130 | D:6      | Reached skill level 1 in Shields
  6374 | D:7      | Reached * piety under Okawaru
  6680 | D:7      | Reached skill level 5 in Fighting
  6691 | D:7      | Reached skill level 1 in Long Blades
  6835 | D:7      | Reached XP level 9. HP: 44/66 MP: 9/9
  7050 | D:7      | Reached skill level 2 in Long Blades
  7139 | D:7      | Noticed a +0 dagger
  7139 | D:7      | Noticed a +0 spear
  7140 | D:7      | Noticed a +0 falchion
  7140 | D:7      | Noticed a +0 short sword
  7140 | D:7      | Noticed a +0 dagger
  7140 | D:7      | Noticed a +0 falchion
  7150 | D:7      | Found a hide-covered altar of Uskayaw.
  7150 | D:7      | Noticed a +0 short sword
  7157 | D:7      | Noticed a +0 spear
  7276 | D:7      | Reached ** piety under Okawaru
  8071 | D:8      | Reached skill level 3 in Long Blades
  8071 | D:8      | Reached skill level 1 in Evocations
  8079 | D:8      | Reached skill level 5 in Dodging
  8150 | D:8      | Reached skill level 4 in Long Blades
  8158 | D:8      | Found a flagged portal.
  8177 | D:8      | Reached *** piety under Okawaru
  8213 | Bailey   | Entered a bailey
  8283 | Bailey   | Reached XP level 10. HP: 81/83 MP: 10/10
  8408 | Bailey   | Identified the +6 scimitar "Analod" {venom, rN+}
  8410 | Bailey   | Identified the +6 quarterstaff of the Manifold Violins
                  | {drain, rElec Str+5}
  8415 | Bailey   | Reached skill level 5 in Long Blades
  8469 | Bailey   | Reached **** piety under Okawaru
  8594 | Bailey   | Noticed a two-headed ogre
  8600 | Bailey   | Killed a two-headed ogre
  8601 | Bailey   | Reached skill level 6 in Long Blades
  8693 | Bailey   | Reached skill level 7 in Long Blades
  9362 | D:8      | Noticed Erica
  9373 | D:8      | Killed Erica
  9374 | D:8      | Reached skill level 8 in Long Blades
 10122 | D:9      | Reached skill level 5 in Invocations
 10327 | D:9      | Found an ancient bone altar of Kikubaaqudgha.
 10362 | D:9      | Found a runed translucent door.
 10651 | D:9      | Noticed hattop's ghost (novice DsSh)
 10682 | D:10     | Entered Level 10 of the Dungeon
 10847 | D:10     | Reached ***** piety under Okawaru
 10854 | D:10     | Reached XP level 11. HP: 63/89 MP: 15/15
 10885 | D:10     | Received a gift from Okawaru
 11057 | D:10     | Noticed Maggie
 11071 | D:10     | Killed Maggie
 11159 | D:10     | Found a staircase to the Lair.
 11626 | D:10     | Noticed Grum
 11648 | D:10     | Killed Grum
 11883 | Lair:1   | Entered Level 1 of the Lair of Beasts
 11883 | Lair:1   | Noticed Nergalle
 11898 | D:10     | Killed Nergalle
 12210 | Lair:1   | Reached skill level 5 in Stealth
 12306 | Lair:1   | Found a transporter.
 12351 | Lair:1   | Reached skill level 9 in Long Blades
 12353 | Lair:1   | Received a gift from Okawaru
 12354 | Lair:1   | Reached skill level 5 in Throwing
 12547 | Lair:1   | Noticed a death yak
 12572 | Lair:1   | Noticed a death yak
 12603 | Lair:1   | Noticed a catoblepas
 12639 | Lair:1   | Killed a catoblepas
 12817 | Lair:1   | Noticed a death yak
 12828 | Lair:1   | Noticed a death yak
 12828 | Lair:1   | Noticed a death yak
 12829 | Lair:1   | Noticed a death yak
 12856 | D:10     | Killed a death yak
 12870 | D:10     | Mangled by a death yak

Illustrated notes

Levels and vault maps discovered:
D:1:      evilmike_arrival_crescent, layout_loops_corners, minmay_domino_4
D:2:      layout_basic, uniq_jessica
D:3:      layout_basic, mainiacjoe_overflow_big_doors
D:4:      layout_loops_ring, hangedman_decor_points, grunt_decor_resistance,
          corexii_item_surrounded_by_moat, uniq_grinder
D:5:      layout_basic, mainiacjoe_overflow_six_doors_small, uniq_prince_ribbit1
D:6:      layout_loops_ring, gammafunk_temple_overflow_claw,
          minmay_temple_entry_fiery
D:7:      layout_loops_ring, nicolae_uskayaw_en_pointe, serial_demonic,
          serial_demonic_f, serial_demonic_d, serial_demonic_e,
          serial_demonic_c, serial_demonic_d, serial_demonic_a, kennysheep_donut
D:8:      layout_loops_ring, enter_bailey_4, serial_bayou_pond_d,
          supply_closet_lemuel, uniq_erica
D:9:      hellmonk_ruined_rings, layout_basic, kennysheep_little_box,
          ebering_ghost_reflecting_pool, chequers_serial_rivers_micro_d
D:10:     layout_roguey, hellmonk_lair_entry_icy, minmay_crystal_water,
          uniq_grum, uniq_maggie
Temple:   compressed_dpeg_circular_temple
Lair:1:   gammafunk_worm_tunnel, layout_hall_layers, nicolae_lair_grazing_beasts
          [nicolae_sub_lair_graze_edge, nicolae_sub_lair_graze_edge,
          nicolae_sub_lair_graze_edge, nicolae_sub_lair_graze_edge],
          infiniplex_staircase_pool_2, uniq_nergalle

Skill      XL: |  1  2  3  4  5  6  7  8  9 10 11 |
---------------+----------------------------------+-----
Throwing       | 2 3 4 5 |  5.2
Short Blades   | 3 4 5 6 7 8 |  8.4
Stealth        | 4 5 |  5.4
Dodging        | 1 3 4 5 6 |  6.9
Fighting       | 4 5 6 7 |  7.3
Shields        | 2 4 |  4.0
Long Blades    | 1 4 8 9 |  9.2
Evocations     | 3 4 |  4.0
Invocations    | 6 7 |  7.2

Action                     |  1- 3 |  4- 6 |  7- 9 | 10-12 || total
---------------------------+-------+-------+-------+-------++-------
  Melee: Dagger            |    90 |   101 |   353 |     1 ||   545
         Tailslap          |     2 |    14 |    78 |    49 ||   143
         Scimitar          |       |       |   212 |   293 ||   505
   Fire: Orcbow            |       |       |     1 |       ||     1
  Throw: Dart              |    11 |    40 |    55 |    35 ||   141
         Boomerang         |       |       |       |    50 ||    50
 Invoke: Heroism           |       |       |       |     3 ||     3
         Finesse           |       |       |       |     1 ||     1
Ability: Breathe Dispellin |       |       |    12 |     9 ||    21
  Evoke: Wand              |       |       |     1 |     9 ||    10
    Use: Scroll            |       |       |     7 |     2 ||     9
   Stab: Sleeping          |     4 |    12 |     4 |     1 ||    21
 Armour: Skin              |    44 |    44 |   254 |   186 ||   528
  Dodge: Dodged            |    44 |    34 |   304 |   195 ||   577
  Block: Buckler           |       |       |   112 |    98 ||   210

Table legend: (Time is in decaauts)
 A = Elapsed time spent in this place.
 B = Non-inter-level travel time spent in this place.
 C = Inter-level travel time spent in this place.
 D = Time resting spent in this place.
 E = Time spent auto-exploring this place.
 F = Levels seen in this place.
 G = Mean time per level.
                   A        B        C        D        E       F      G
               +--------+--------+--------+--------+--------+-----+--------+
         Total |  12753 |  11883 |    870 |    613 |   8201 |  13 |  981.0 |
       Dungeon |  11463 |  10631 |    832 |    312 |   7764 |  10 | 1146.3 |
        Temple |     40 |      2 |     38 |      0 |      0 |   1 |   40.0 |
          Lair |    648 |    648 |      0 |    100 |    277 |   1 |  648.0 |
        Bailey |    600 |    600 |      0 |    201 |    160 |   1 |  600.0 |
               +--------+--------+--------+--------+--------+-----+--------+

Top non-repeatable levels by time:
     D:7: 1814 daAuts
     D:5: 1524 daAuts
    D:10: 1522 daAuts
     D:6: 1210 daAuts
     D:8: 1160 daAuts
     D:3: 987 daAuts
     D:1: 923 daAuts
     D:4: 904 daAuts
     D:9: 755 daAuts
     D:2: 659 daAuts
  Lair:1: 648 daAuts
  Bailey: 600 daAuts
  Temple: 40 daAuts
